 Dungeon Crawl Stone Soup version 0.20-a0-893-g832831a (webtiles) character file.

56 GlassEater the Skirmisher (level 3, -2/40 HPs)
             Began as an Ogre Monk on Mar 17, 2017.
             Succumbed to weedlayer's ghost's poison
             ... on level 2 of the Dungeon.
             The game lasted 00:03:14 (1529 turns).

GlassEater the Skirmisher (Ogre Monk)               Turns: 1529, Time: 00:03:16

Health: -2/40      AC:  3    Str: 15    XL:     3   Next: 97%
Magic:  3/3        EV: 16    Int: 11    God:
Gold:   96         SH:  0    Dex: 15    Spells: 2/2 levels left

rFire    x . .     SeeInvis .   a - +1 whip (elec)
rCold    + + .     Gourm    .   b - +0 robe
rNeg     . . .     Faith    .   (no shield)
rPois    .         Spirit   .   (helmet restricted)
rElec    .         Reflect  .   (no cloak)
rCorr    .         Harm     .   (gloves unavailable)
MR       .....                  (boots unavailable)
Stlth    +++.......             (no amulet)
Regen    0.2/turn               o - ring of protection from cold
MPRegen  0.1/turn               m - ring of ice

@: agile, lethally poisoned (-2 -> -26)
A: unfitting armour, horns 1, talons 1, clumsy 1, tough skin 1
a: no special abilities


You were on level 2 of the Dungeon.
You were not hungry.

You visited 1 branch of the dungeon, and saw 3 of its levels.

You collected 96 gold pieces.

Inventory:

Hand Weapons
 a - a +1 whip of electrocution (weapon)
Missiles
 l - 4 tomahawks (quivered)
Armour
 b - a +0 robe (worn)
Jewellery
 m - a ring of ice (left hand)
 o - a ring of protection from cold (right hand)
Scrolls
 d - a scroll of immolation {unknown}
 g - 2 scrolls of identify {unknown}
 h - a scroll of remove curse {unknown}
 i - a scroll of fear {unknown}
 j - a scroll of teleportation {unknown}
 p - a scroll of magic mapping {unknown}
Comestibles
 c - 2 bread rations
 f - 2 meat rations
 q - 3 chunks of flesh


   Skills:
 + Level 4.7 Fighting
 + Level 3.3 Maces & Flails
 + Level 3.3 Dodging
 - Level 1.4 Stealth


You had 2 spell levels left.
You didn't know any spells.

Dungeon Overview and Level Annotations

Branches:
Dungeon (3/15)

Altars:
Zin

Annotations:
D:3 weedlayer's ghost, amateur OpTm


Innate Abilities, Weirdness & Mutations

You are too large for most types of armour.
You have tough skin. (AC +1)
You have a pair of small horns on your head.
You have sharp toenails.
You are clumsy. (Dex -2)


Message History

Weedlayer's ghost hits you but does no damage.
You are poisoned.
You hit weedlayer's ghost. Your kick misses weedlayer's ghost.
You headbutt weedlayer's ghost.
Weedlayer's ghost is severely damaged.
You feel sick. Weedlayer's ghost hits you.
* * * LOW HITPOINT WARNING * * *
You hit weedlayer's ghost but do no damage.
Your kick misses weedlayer's ghost.
Weedlayer's ghost is severely damaged.
Weedlayer's ghost hits you!
* * * LOW HITPOINT WARNING * * *
You are more poisoned.
* * * LOW HITPOINT WARNING * * *
You feel sick. Weedlayer's ghost hits you.
* * * LOW HITPOINT WARNING * * *
You are more poisoned.
You climb upwards.
The ghost fades into the shadows.
Weedlayer's ghost disappears!
You die...

#########...### #.##.....
#.........### #.#..#.##
#.######### #.#.##.##
#######.## #.#.##..#
#......>.# #...###..
#........# #..## ###
#......(.### #####..####
#..........##### #.........#
#........#....@## #.........#
#........#####..###.........#
#.>......# ##..##.........#
########## ##..#.........# #
##)..###....####
##########............
#####.....).........^..###
#................#######
##################


There were no monsters in sight!

Vanquished Creatures
  An adder (D:3)
  2 oozes (D:1)
  A dart slug (D:1)
  A worm (D:2)
  2 bats
  3 giant cockroaches
  7 goblins
  4 hobgoblins
  6 kobolds (D:2)
  A frilled lizard (D:1)
  5 rats
33 creatures vanquished.

Notes
Turn   | Place    | Note
-------+----------+-------------------------------------------
     0 | D:1      | GlassEater the Ogre Monk began the quest for the Orb.
     0 | D:1      | Reached XP level 1. HP: 24/24 MP: 1/1
   230 | D:1      | Reached XP level 2. HP: 31/32 MP: 2/2
   529 | D:1      | Reached XP level 3. HP: 40/40 MP: 3/3
  1165 | D:2      | Noticed an angel
  1166 | D:2      | Found a glowing silver altar of Zin.
  1508 | D:3      | Noticed weedlayer's ghost (amateur OpTm)
  1524 | D:3      | Gained mutation: You have sharp toenails. [potion of mutation]
  1524 | D:3      | Gained mutation: You are clumsy. (Dex -2) [potion of mutation]
  1524 | D:3      | Gained mutation: You have a pair of small horns on your head. [potion of mutation]
  1528 | D:3      | HP: 1/40 [weedlayer's ghost (2)]
  1529 | D:2      | Succumbed to weedlayer's ghost's poison

Vault maps used:
D:1:      wheals_arrival_linesprint
D:2:      zin_angel
D:3:      first_bread, uniq_crazy_yiuf_cottage, uniq_iyjb, uniq_sigmund

Skill      XL: |  1  2 |
---------------+-------+-----
Maces & Flails | 3 |  3.3
Dodging        | 3 |  3.3
Fighting       | |  4.7
Stealth        | |  1.4

Action                   || total
-------------------------++-------
Melee: Mace              ||    76
       Whip              ||    32
       Kick              ||     1
       Headbutt          ||     1
Throw: Tomahawk          ||     1
  Use: Potion            ||     3
 Stab: Sleeping          ||     1
  Eat: Chunk             ||     2
Armor: Robe              ||    30
Dodge: Dodged            ||    60
